Workbook
Name TCO_cisco: 'Évaluation'!$E$50
Name TOTAL_cisco: 'Évaluation'!$F$69
Name BASE_cisco: 'Évaluation'!$F$70
Name NORM_cisco: 'Évaluation'!$F$71
Name ST_A_cisco: 'Évaluation'!$F$12
Name ST_B_cisco: 'Évaluation'!$F$21
Name ST_C_cisco: 'Évaluation'!$F$26
Name ST_D_cisco: 'Évaluation'!$F$32
Name ST_E_cisco: 'Évaluation'!$F$40
Name ST_F_cisco: 'Évaluation'!$F$48
Name ST_G_cisco: 'Évaluation'!$F$54
Name ST_H_cisco: 'Évaluation'!$F$61
Name ST_Z_cisco: 'Évaluation'!$F$68
Name TCO_palo: 'Évaluation'!$G$50
Name TOTAL_palo: 'Évaluation'!$H$69
Name BASE_palo: 'Évaluation'!$H$70
Name NORM_palo: 'Évaluation'!$H$71
Name ST_A_palo: 'Évaluation'!$H$12
Name ST_B_palo: 'Évaluation'!$H$21
Name ST_C_palo: 'Évaluation'!$H$26
Name ST_D_palo: 'Évaluation'!$H$32
Name ST_E_palo: 'Évaluation'!$H$40
Name ST_F_palo: 'Évaluation'!$H$48
Name ST_G_palo: 'Évaluation'!$H$54
Name ST_H_palo: 'Évaluation'!$H$61
Name ST_Z_palo: 'Évaluation'!$H$68
Name TCO_fortinet: 'Évaluation'!$I$50
Name TOTAL_fortinet: 'Évaluation'!$J$69
Name BASE_fortinet: 'Évaluation'!$J$70
Name NORM_fortinet: 'Évaluation'!$J$71
Name ST_A_fortinet: 'Évaluation'!$J$12
Name ST_B_fortinet: 'Évaluation'!$J$21
Name ST_C_fortinet: 'Évaluation'!$J$26
Name ST_D_fortinet: 'Évaluation'!$J$32
Name ST_E_fortinet: 'Évaluation'!$J$40
Name ST_F_fortinet: 'Évaluation'!$J$48
Name ST_G_fortinet: 'Évaluation'!$J$54
Name ST_H_fortinet: 'Évaluation'!$J$61
Name ST_Z_fortinet: 'Évaluation'!$J$68
Name TCO_check: 'Évaluation'!$K$50
Name TOTAL_check: 'Évaluation'!$L$69
Name BASE_check: 'Évaluation'!$L$70
Name NORM_check: 'Évaluation'!$L$71
Name ST_A_check: 'Évaluation'!$L$12
Name ST_B_check: 'Évaluation'!$L$21
Name ST_C_check: 'Évaluation'!$L$26
Name ST_D_check: 'Évaluation'!$L$32
Name ST_E_check: 'Évaluation'!$L$40
Name ST_F_check: 'Évaluation'!$L$48
Name ST_G_check: 'Évaluation'!$L$54
Name ST_H_check: 'Évaluation'!$L$61
Name ST_Z_check: 'Évaluation'!$L$68
Name TCO_juniper: 'Évaluation'!$M$50
Name TOTAL_juniper: 'Évaluation'!$N$69
Name BASE_juniper: 'Évaluation'!$N$70
Name NORM_juniper: 'Évaluation'!$N$71
Name ST_A_juniper: 'Évaluation'!$N$12
Name ST_B_juniper: 'Évaluation'!$N$21
Name ST_C_juniper: 'Évaluation'!$N$26
Name ST_D_juniper: 'Évaluation'!$N$32

Sheet Évaluation
A1: STIB — Grille d'évaluation AO Sécurité réseau
A2: FW · Proxy explicite · IPVPN · VPN · management on-premise · 39 critères pondérés en 8 catégories = 100 pts · + 5 critères informatifs en 1 catégorie (Z, poids 0, hors total) · soit 44 lignes / 9 blocs affichés · cellule vide = NR (non instruit), exclue du total renormalisé · grille v2.0 — jeu : vierge
A3: Évaluateur : | D3: Date :
A5: # | B5: ID | C5: Critère | D5: Poids % | E5: Cisco Note (0-5) | F5: Cisco Pondéré | G5: Palo Alto Note (0-5) | H5: Palo Alto Pondéré | I5: Fortinet Note (0-5) | J5: Fortinet Pondéré | K5: Check Point Note (0-5) | L5: Check Point Pondéré | M5: Juniper Note (0-5) | N5: Juniper Pondéré | P5: Cisco poids instruit | Q5: Palo Alto poids instruit | R5: Fortinet poids instruit | S5: Check Point poids instruit | T5: Juniper poids instruit
A6: A — Fonctionnalités techniques | D6: 20%
A7: 1 | B7: A1 | C7: Architecture NGFW — inspection L7, TLS, identité utilisateur | D7: 4 | F7: =IF(E7="",0,E7*D7/5) | H7: =IF(G7="",0,G7*D7/5) | J7: =IF(I7="",0,I7*D7/5) | L7: =IF(K7="",0,K7*D7/5) | N7: =IF(M7="",0,M7*D7/5) | P7: =IF(E7="",0,D7) | Q7: =IF(G7="",0,D7) | R7: =IF(I7="",0,D7) | S7: =IF(K7="",0,D7) | T7: =IF(M7="",0,D7)
A8: 2 | B8: A2 | C8: Proxy web utilisateurs — HTTPS inspection, URL filtering, DLP intégré | D8: 3 | F8: =IF(E8="",0,E8*D8/5) | H8: =IF(G8="",0,G8*D8/5) | J8: =IF(I8="",0,I8*D8/5) | L8: =IF(K8="",0,K8*D8/5) | N8: =IF(M8="",0,M8*D8/5) | P8: =IF(E8="",0,D8) | Q8: =IF(G8="",0,D8) | R8: =IF(I8="",0,D8) | S8: =IF(K8="",0,D8) | T8: =IF(M8="",0,D8)
A9: 3 | B9: A7 | C9: Proxy serveurs explicite — PAC/WPAD, SOCKS v5, authentification, exclusions, chaînage amont | D9: 7 | F9: =IF(E9="",0,E9*D9/5) | H9: =IF(G9="",0,G9*D9/5) | J9: =IF(I9="",0,I9*D9/5) | L9: =IF(K9="",0,K9*D9/5) | N9: =IF(M9="",0,M9*D9/5) | P9: =IF(E9="",0,D9) | Q9: =IF(G9="",0,D9) | R9: =IF(I9="",0,D9) | S9: =IF(K9="",0,D9) | T9: =IF(M9="",0,D9)
A10: 4 | B10: A4 | C10: VPN IPsec / SSL — multi-site, multi-VRF, haute dispo | D10: 4 | F10: =IF(E10="",0,E10*D10/5) | H10: =IF(G10="",0,G10*D10/5) | J10: =IF(I10="",0,I10*D10/5) | L10: =IF(K10="",0,K10*D10/5) | N10: =IF(M10="",0,M10*D10/5) | P10: =IF(E10="",0,D10) | Q10: =IF(G10="",0,D10) | R10: =IF(I10="",0,D10) | S10: =IF(K10="",0,D10) | T10: =IF(M10="",0,D10)
A11: 5 | B11: A6 | C11: IPv6 dual-stack natif sur toutes les composantes | D11: 2 | F11: =IF(E11="",0,E11*D11/5) | H11: =IF(G11="",0,G11*D11/5) | J11: =IF(I11="",0,I11*D11/5) | L11: =IF(K11="",0,K11*D11/5) | N11: =IF(M11="",0,M11*D11/5) | P11: =IF(E11="",0,D11) | Q11: =IF(G11="",0,D11) | R11: =IF(I11="",0,D11) | S11: =IF(K11="",0,D11) | T11: =IF(M11="",0,D11)
A12: Sous-total A (max 20 pts) | D12: #ST-A | F12: =SUM(F7,F8,F9,F10,F11) | H12: =SUM(H7,H8,H9,H10,H11) | J12: =SUM(J7,J8,J9,J10,J11) | L12: =SUM(L7,L8,L9,L10,L11) | N12: =SUM(N7,N8,N9,N10,N11)
A13: B — Sécurité & threat prevention | D13: 12%
A14: 6 | B14: B1 | C14: IPS/IDS — efficacité mesurée : le candidat fournit un rapport de test tiers non sponsorisé portant sur le modèle ET la version firmware proposés, daté de moins de 24 mois ; à défaut, un protocole de mesure reproductible sur maquette | D14: 2 | F14: =IF(E14="",0,E14*D14/5) | H14: =IF(G14="",0,G14*D14/5) | J14: =IF(I14="",0,I14*D14/5) | L14: =IF(K14="",0,K14*D14/5) | N14: =IF(M14="",0,M14*D14/5) | P14: =IF(E14="",0,D14) | Q14: =IF(G14="",0,D14) | R14: =IF(I14="",0,D14) | S14: =IF(K14="",0,D14) | T14: =IF(M14="",0,D14)
A15: 7 | B15: B2 | C15: Sandboxing / analyse comportementale fichiers, URL, emails | D15: 2 | F15: =IF(E15="",0,E15*D15/5) | H15: =IF(G15="",0,G15*D15/5) | J15: =IF(I15="",0,I15*D15/5) | L15: =IF(K15="",0,K15*D15/5) | N15: =IF(M15="",0,M15*D15/5) | P15: =IF(E15="",0,D15) | Q15: =IF(G15="",0,D15) | R15: =IF(I15="",0,D15) | S15: =IF(K15="",0,D15) | T15: =IF(M15="",0,D15)
A16: 8 | B16: B3 | C16: Threat intelligence intégrée — fréquence et qualité des mises à jour | D16: 2 | F16: =IF(E16="",0,E16*D16/5) | H16: =IF(G16="",0,G16*D16/5) | J16: =IF(I16="",0,I16*D16/5) | L16: =IF(K16="",0,K16*D16/5) | N16: =IF(M16="",0,M16*D16/5) | P16: =IF(E16="",0,D16) | Q16: =IF(G16="",0,D16) | R16: =IF(I16="",0,D16) | S16: =IF(K16="",0,D16) | T16: =IF(M16="",0,D16)
A17: 9 | B17: B4 | C17: Micro-segmentation & posture endpoint — déployable on-premise | D17: 2 | F17: =IF(E17="",0,E17*D17/5) | H17: =IF(G17="",0,G17*D17/5) | J17: =IF(I17="",0,I17*D17/5) | L17: =IF(K17="",0,K17*D17/5) | N17: =IF(M17="",0,M17*D17/5) | P17: =IF(E17="",0,D17) | Q17: =IF(G17="",0,D17) | R17: =IF(I17="",0,D17) | S17: =IF(K17="",0,D17) | T17: =IF(M17="",0,D17)
A18: 10 | B18: B5 | C18: DNS Security — filtrage, protection exfiltration DNS | D18: 1 | F18: =IF(E18="",0,E18*D18/5) | H18: =IF(G18="",0,G18*D18/5) | J18: =IF(I18="",0,I18*D18/5) | L18: =IF(K18="",0,K18*D18/5) | N18: =IF(M18="",0,M18*D18/5) | P18: =IF(E18="",0,D18) | Q18: =IF(G18="",0,D18) | R18: =IF(I18="",0,D18) | S18: =IF(K18="",0,D18) | T18: =IF(M18="",0,D18)
A19: 11 | B19: B6 | C19: Chiffrement & gestion PKI — certificats, rotation, support HSM | D19: 1 | F19: =IF(E19="",0,E19*D19/5) | H19: =IF(G19="",0,G19*D19/5) | J19: =IF(I19="",0,I19*D19/5) | L19: =IF(K19="",0,K19*D19/5) | N19: =IF(M19="",0,M19*D19/5) | P19: =IF(E19="",0,D19) | Q19: =IF(G19="",0,D19) | R19: =IF(I19="",0,D19) | S19: =IF(K19="",0,D19) | T19: =IF(M19="",0,D19)
A20: 12 | B20: B7 | C20: Vulnérabilités — nombre de CVE/an, délai de patch, score CVSS moyen | D20: 2 | F20: =IF(E20="",0,E20*D20/5) | H20: =IF(G20="",0,G20*D20/5) | J20: =IF(I20="",0,I20*D20/5) | L20: =IF(K20="",0,K20*D20/5) | N20: =IF(M20="",0,M20*D20/5) | P20: =IF(E20="",0,D20) | Q20: =IF(G20="",0,D20) | R20: =IF(I20="",0,D20) | S20: =IF(K20="",0,D20) | T20: =IF(M20="",0,D20)
A21: Sous-total B (max 12 pts) | D21: #ST-B | F21: =SUM(F14,F15,F16,F17,F18,F19,F20) | H21: =SUM(H14,H15,H16,H17,H18,H19,H20) | J21: =SUM(J14,J15,J16,J17,J18,J19,J20) | L21: =SUM(L14,L15,L16,L17,L18,L19,L20) | N21: =SUM(N14,N15,N16,N17,N18,N19,N20)
A22: C — Conformité & gouvernance | D22: 4%
A23: 13 | B23: C1 | C23: Conformité NIS2 — détection, reporting incidents, audit trail | D23: 2 | F23: =IF(E23="",0,E23*D23/5) | H23: =IF(G23="",0,G23*D23/5) | J23: =IF(I23="",0,I23*D23/5) | L23: =IF(K23="",0,K23*D23/5) | N23: =IF(M23="",0,M23*D23/5) | P23: =IF(E23="",0,D23) | Q23: =IF(G23="",0,D23) | R23: =IF(I23="",0,D23) | S23: =IF(K23="",0,D23) | T23: =IF(M23="",0,D23)
A24: 14 | B24: C4 | C24: RGPD — data residency EU, localisation des données | D24: 1 | F24: =IF(E24="",0,E24*D24/5) | H24: =IF(G24="",0,G24*D24/5) | J24: =IF(I24="",0,I24*D24/5) | L24: =IF(K24="",0,K24*D24/5) | N24: =IF(M24="",0,M24*D24/5) | P24: =IF(E24="",0,D24) | Q24: =IF(G24="",0,D24) | R24: =IF(I24="",0,D24) | S24: =IF(K24="",0,D24) | T24: =IF(M24="",0,D24)
A25: 15 | B25: C5 | C25: Certifications produit — Common Criteria, FIPS 140-2, ANSSI | D25: 1 | F25: =IF(E25="",0,E25*D25/5) | H25: =IF(G25="",0,G25*D25/5) | J25: =IF(I25="",0,I25*D25/5) | L25: =IF(K25="",0,K25*D25/5) | N25: =IF(M25="",0,M25*D25/5) | P25: =IF(E25="",0,D25) | Q25: =IF(G25="",0,D25) | R25: =IF(I25="",0,D25) | S25: =IF(K25="",0,D25) | T25: =IF(M25="",0,D25)
A26: Sous-total C (max 4 pts) | D26: #ST-C | F26: =SUM(F23,F24,F25) | H26: =SUM(H23,H24,H25) | J26: =SUM(J23,J24,J25) | L26: =SUM(L23,L24,L25) | N26: =SUM(N23,N24,N25)
A27: D — Performance & scalabilité | D27: 10%
A28: 16 | B28: D1 | C28: Capacité en sessions déchiffrées concurrentes et en nouvelles sessions SSL par seconde — IPS et contrôle applicatif actifs, tenue de charge sur un seul nœud du cluster, sur le modèle exactement proposé (c'est cette grandeur qui porte le coût du déchiffrement, pas le débit) | D28: 5 | F28: =IF(E28="",0,E28*D28/5) | H28: =IF(G28="",0,G28*D28/5) | J28: =IF(I28="",0,I28*D28/5) | L28: =IF(K28="",0,K28*D28/5) | N28: =IF(M28="",0,M28*D28/5) | P28: =IF(E28="",0,D28) | Q28: =IF(G28="",0,D28) | R28: =IF(I28="",0,D28) | S28: =IF(K28="",0,D28) | T28: =IF(M28="",0,D28)
A29: 17 | B29: D2 | C29: Sessions simultanées et nouvelles connexions par seconde HORS déchiffrement — capacité brute du plan de données ; le facteur de dégradation sous inspection SSL relève de D1, ne pas le compter deux fois | D29: 2 | F29: =IF(E29="",0,E29*D29/5) | H29: =IF(G29="",0,G29*D29/5) | J29: =IF(I29="",0,I29*D29/5) | L29: =IF(K29="",0,K29*D29/5) | N29: =IF(M29="",0,M29*D29/5) | P29: =IF(E29="",0,D29) | Q29: =IF(G29="",0,D29) | R29: =IF(I29="",0,D29) | S29: =IF(K29="",0,D29) | T29: =IF(M29="",0,D29)
A30: 18 | B30: D3 | C30: Latence plan de contrôle — temps de commit et de convergence de politique, mesurés sur maquette (aucun éditeur ne publie la donnée) | D30: 2 | F30: =IF(E30="",0,E30*D30/5) | H30: =IF(G30="",0,G30*D30/5) | J30: =IF(I30="",0,I30*D30/5) | L30: =IF(K30="",0,K30*D30/5) | N30: =IF(M30="",0,M30*D30/5) | P30: =IF(E30="",0,D30) | Q30: =IF(G30="",0,D30) | R30: =IF(I30="",0,D30) | S30: =IF(K30="",0,D30) | T30: =IF(M30="",0,D30)
A31: 19 | B31: D4 | C31: Scalabilité horizontale / clustering actif-actif | D31: 1 | F31: =IF(E31="",0,E31*D31/5) | H31: =IF(G31="",0,G31*D31/5) | J31: =IF(I31="",0,I31*D31/5) | L31: =IF(K31="",0,K31*D31/5) | N31: =IF(M31="",0,M31*D31/5) | P31: =IF(E31="",0,D31) | Q31: =IF(G31="",0,D31) | R31: =IF(I31="",0,D31) | S31: =IF(K31="",0,D31) | T31: =IF(M31="",0,D31)
A32: Sous-total D (max 10 pts) | D32: #ST-D | F32: =SUM(F28,F29,F30,F31) | H32: =SUM(H28,H29,H30,H31) | J32: =SUM(J28,J29,J30,J31) | L32: =SUM(L28,L29,L30,L31) | N32: =SUM(N28,N29,N30,N31)
A33: E — Gestion, exploitation & intégration | D33: 12%
A34: 20 | B34: E1 | C34: Management centralisé — single pane of glass, multi-tenant | D34: 3 | F34: =IF(E34="",0,E34*D34/5) | H34: =IF(G34="",0,G34*D34/5) | J34: =IF(I34="",0,I34*D34/5) | L34: =IF(K34="",0,K34*D34/5) | N34: =IF(M34="",0,M34*D34/5) | P34: =IF(E34="",0,D34) | Q34: =IF(G34="",0,D34) | R34: =IF(I34="",0,D34) | S34: =IF(K34="",0,D34) | T34: =IF(M34="",0,D34)
A35: 21 | B35: E6 | C35: Management on-premise autonome — console isolée d'Internet, licences et activation hors ligne, mises à jour importables manuellement | D35: 4 | F35: =IF(E35="",0,E35*D35/5) | H35: =IF(G35="",0,G35*D35/5) | J35: =IF(I35="",0,I35*D35/5) | L35: =IF(K35="",0,K35*D35/5) | N35: =IF(M35="",0,M35*D35/5) | P35: =IF(E35="",0,D35) | Q35: =IF(G35="",0,D35) | R35: =IF(I35="",0,D35) | S35: =IF(K35="",0,D35) | T35: =IF(M35="",0,D35)
A36: 22 | B36: E2 | C36: Automation — API REST, Ansible, Terraform, CI/CD (maturité & doc) | D36: 2 | F36: =IF(E36="",0,E36*D36/5) | H36: =IF(G36="",0,G36*D36/5) | J36: =IF(I36="",0,I36*D36/5) | L36: =IF(K36="",0,K36*D36/5) | N36: =IF(M36="",0,M36*D36/5) | P36: =IF(E36="",0,D36) | Q36: =IF(G36="",0,D36) | R36: =IF(I36="",0,D36) | S36: =IF(K36="",0,D36) | T36: =IF(M36="",0,D36)
A37: 23 | B37: E3 | C37: Visibilité réseau — dashboards, flow analysis, troubleshooting intégré | D37: 1 | F37: =IF(E37="",0,E37*D37/5) | H37: =IF(G37="",0,G37*D37/5) | J37: =IF(I37="",0,I37*D37/5) | L37: =IF(K37="",0,K37*D37/5) | N37: =IF(M37="",0,M37*D37/5) | P37: =IF(E37="",0,D37) | Q37: =IF(G37="",0,D37) | R37: =IF(I37="",0,D37) | S37: =IF(K37="",0,D37) | T37: =IF(M37="",0,D37)
A38: 24 | B38: E4 | C38: Intégration annuaire — AD / Entra ID, SAML/OIDC, MFA | D38: 1 | F38: =IF(E38="",0,E38*D38/5) | H38: =IF(G38="",0,G38*D38/5) | J38: =IF(I38="",0,I38*D38/5) | L38: =IF(K38="",0,K38*D38/5) | N38: =IF(M38="",0,M38*D38/5) | P38: =IF(E38="",0,D38) | Q38: =IF(G38="",0,D38) | R38: =IF(I38="",0,D38) | S38: =IF(K38="",0,D38) | T38: =IF(M38="",0,D38)
A39: 25 | B39: E5 | C39: Accessibilité de la console d'administration — ACR daté, conformité EN 301 549 / WCAG 2.2 AA | D39: 1 | F39: =IF(E39="",0,E39*D39/5) | H39: =IF(G39="",0,G39*D39/5) | J39: =IF(I39="",0,I39*D39/5) | L39: =IF(K39="",0,K39*D39/5) | N39: =IF(M39="",0,M39*D39/5) | P39: =IF(E39="",0,D39) | Q39: =IF(G39="",0,D39) | R39: =IF(I39="",0,D39) | S39: =IF(K39="",0,D39) | T39: =IF(M39="",0,D39)
A40: Sous-total E (max 12 pts) | D40: #ST-E | F40: =SUM(F34,F35,F36,F37,F38,F39) | H40: =SUM(H34,H35,H36,H37,H38,H39) | J40: =SUM(J34,J35,J36,J37,J38,J39) | L40: =SUM(L34,L35,L36,L37,L38,L39) | N40: =SUM(N34,N35,N36,N37,N38,N39)
A41: F — Support, SLA & continuité | D41: 12%
A42: 26 | B42: F1 | C42: SLA support — temps de réponse P1/P2, équipe francophone 24/7 | D42: 2 | F42: =IF(E42="",0,E42*D42/5) | H42: =IF(G42="",0,G42*D42/5) | J42: =IF(I42="",0,I42*D42/5) | L42: =IF(K42="",0,K42*D42/5) | N42: =IF(M42="",0,M42*D42/5) | P42: =IF(E42="",0,D42) | Q42: =IF(G42="",0,D42) | R42: =IF(I42="",0,D42) | S42: =IF(K42="",0,D42) | T42: =IF(M42="",0,D42)
A43: 27 | B43: F2 | C43: Roadmap produit & durée de vie (EOL/EOS) — visibilité 5 ans | D43: 2 | F43: =IF(E43="",0,E43*D43/5) | H43: =IF(G43="",0,G43*D43/5) | J43: =IF(I43="",0,I43*D43/5) | L43: =IF(K43="",0,K43*D43/5) | N43: =IF(M43="",0,M43*D43/5) | P43: =IF(E43="",0,D43) | Q43: =IF(G43="",0,D43) | R43: =IF(I43="",0,D43) | S43: =IF(K43="",0,D43) | T43: =IF(M43="",0,D43)
A44: 28 | B44: F3 | C44: Références secteur public belge ou transport (STIB / TEC / De Lijn) | D44: 1 | F44: =IF(E44="",0,E44*D44/5) | H44: =IF(G44="",0,G44*D44/5) | J44: =IF(I44="",0,I44*D44/5) | L44: =IF(K44="",0,K44*D44/5) | N44: =IF(M44="",0,M44*D44/5) | P44: =IF(E44="",0,D44) | Q44: =IF(G44="",0,D44) | R44: =IF(I44="",0,D44) | S44: =IF(K44="",0,D44) | T44: =IF(M44="",0,D44)
A45: 29 | B45: F4 | C45: Formation & certification des équipes internes STIB | D45: 1 | F45: =IF(E45="",0,E45*D45/5) | H45: =IF(G45="",0,G45*D45/5) | J45: =IF(I45="",0,I45*D45/5) | L45: =IF(K45="",0,K45*D45/5) | N45: =IF(M45="",0,M45*D45/5) | P45: =IF(E45="",0,D45) | Q45: =IF(G45="",0,D45) | R45: =IF(I45="",0,D45) | S45: =IF(K45="",0,D45) | T45: =IF(M45="",0,D45)
A46: 30 | B46: F5 | C46: Plan de migration et assistance déploiement (PSO / Professional Services) | D46: 1 | F46: =IF(E46="",0,E46*D46/5) | H46: =IF(G46="",0,G46*D46/5) | J46: =IF(I46="",0,I46*D46/5) | L46: =IF(K46="",0,K46*D46/5) | N46: =IF(M46="",0,M46*D46/5) | P46: =IF(E46="",0,D46) | Q46: =IF(G46="",0,D46) | R46: =IF(I46="",0,D46) | S46: =IF(K46="",0,D46) | T46: =IF(M46="",0,D46)
A47: 31 | B47: F6 | C47: Risque de migration / changement d'éditeur — conversion des règles, reprise du parc installé, fenêtre d'interruption, re-certification des équipes | D47: 5 | F47: =IF(E47="",0,E47*D47/5) | H47: =IF(G47="",0,G47*D47/5) | J47: =IF(I47="",0,I47*D47/5) | L47: =IF(K47="",0,K47*D47/5) | N47: =IF(M47="",0,M47*D47/5) | P47: =IF(E47="",0,D47) | Q47: =IF(G47="",0,D47) | R47: =IF(I47="",0,D47) | S47: =IF(K47="",0,D47) | T47: =IF(M47="",0,D47)
A48: Sous-total F (max 12 pts) | D48: #ST-F | F48: =SUM(F42,F43,F44,F45,F46,F47) | H48: =SUM(H42,H43,H44,H45,H46,H47) | J48: =SUM(J42,J43,J44,J45,J46,J47) | L48: =SUM(L42,L43,L44,L45,L46,L47) | N48: =SUM(N42,N43,N44,N45,N46,N47)
A49: G — Financier & TCO | D49: 20%
A50: Montant TCO 5 ans à saisir (€ HTVA) → | D50: #TCO
A51: 32 | B51: G1 | C51: TCO 5 ans — CAPEX + OPEX, licences, maintenance, abonnements | D51: 14 | E51: =IF(N(E50)<=0,"",5*MINIFS($E$50:$M$50,$E$50:$M$50,">0")/E50) | F51: =IF(E51="",0,E51*D51/5) | G51: =IF(N(G50)<=0,"",5*MINIFS($E$50:$M$50,$E$50:$M$50,">0")/G50) | H51: =IF(G51="",0,G51*D51/5) | I51: =IF(N(I50)<=0,"",5*MINIFS($E$50:$M$50,$E$50:$M$50,">0")/I50) | J51: =IF(I51="",0,I51*D51/5) | K51: =IF(N(K50)<=0,"",5*MINIFS($E$50:$M$50,$E$50:$M$50,">0")/K50) | L51: =IF(K51="",0,K51*D51/5) | M51: =IF(N(M50)<=0,"",5*MINIFS($E$50:$M$50,$E$50:$M$50,">0")/M50) | N51: =IF(M51="",0,M51*D51/5) | P51: =IF(E51="",0,D51) | Q51: =IF(G51="",0,D51) | R51: =IF(I51="",0,D51) | S51: =IF(K51="",0,D51) | T51: =IF(M51="",0,D51)
A52: 33 | B52: G2 | C52: Modèle de licensing — flexibilité, portabilité, absence de vendor lock-in | D52: 3 | F52: =IF(E52="",0,E52*D52/5) | H52: =IF(G52="",0,G52*D52/5) | J52: =IF(I52="",0,I52*D52/5) | L52: =IF(K52="",0,K52*D52/5) | N52: =IF(M52="",0,M52*D52/5) | P52: =IF(E52="",0,D52) | Q52: =IF(G52="",0,D52) | R52: =IF(I52="",0,D52) | S52: =IF(K52="",0,D52) | T52: =IF(M52="",0,D52)
A53: 34 | B53: G3 | C53: Conditions contractuelles conformes marchés publics belges (Loi 2016) | D53: 3 | F53: =IF(E53="",0,E53*D53/5) | H53: =IF(G53="",0,G53*D53/5) | J53: =IF(I53="",0,I53*D53/5) | L53: =IF(K53="",0,K53*D53/5) | N53: =IF(M53="",0,M53*D53/5) | P53: =IF(E53="",0,D53) | Q53: =IF(G53="",0,D53) | R53: =IF(I53="",0,D53) | S53: =IF(K53="",0,D53) | T53: =IF(M53="",0,D53)
A54: Sous-total G (max 20 pts) | D54: #ST-G | F54: =SUM(F51,F52,F53) | H54: =SUM(H51,H52,H53) | J54: =SUM(J51,J52,J53) | L54: =SUM(L51,L52,L53) | N54: =SUM(N51,N52,N53)
A55: H — Résilience & continuité d'exploitation | D55: 10%
A56: 35 | B56: H1 | C56: Architecture inter-DC — actif/actif ou actif/passif, basculement transparent | D56: 2 | F56: =IF(E56="",0,E56*D56/5) | H56: =IF(G56="",0,G56*D56/5) | J56: =IF(I56="",0,I56*D56/5) | L56: =IF(K56="",0,K56*D56/5) | N56: =IF(M56="",0,M56*D56/5) | P56: =IF(E56="",0,D56) | Q56: =IF(G56="",0,D56) | R56: =IF(I56="",0,D56) | S56: =IF(K56="",0,D56) | T56: =IF(M56="",0,D56)
A57: 36 | B57: H2 | C57: Synchronisation et RPO — temps réel vs latence acceptable, cohérence des données | D57: 1 | F57: =IF(E57="",0,E57*D57/5) | H57: =IF(G57="",0,G57*D57/5) | J57: =IF(I57="",0,I57*D57/5) | L57: =IF(K57="",0,K57*D57/5) | N57: =IF(M57="",0,M57*D57/5) | P57: =IF(E57="",0,D57) | Q57: =IF(G57="",0,D57) | R57: =IF(I57="",0,D57) | S57: =IF(K57="",0,D57) | T57: =IF(M57="",0,D57)
A58: 37 | B58: H3 | C58: Dépendances critiques en cas de sinistre — DNS, annuaire, PKI, orchestration | D58: 2 | F58: =IF(E58="",0,E58*D58/5) | H58: =IF(G58="",0,G58*D58/5) | J58: =IF(I58="",0,I58*D58/5) | L58: =IF(K58="",0,K58*D58/5) | N58: =IF(M58="",0,M58*D58/5) | P58: =IF(E58="",0,D58) | Q58: =IF(G58="",0,D58) | R58: =IF(I58="",0,D58) | S58: =IF(K58="",0,D58) | T58: =IF(M58="",0,D58)
A59: 38 | B59: H4 | C59: Failover — automatique (RTO garanti) ou intervention humaine requise | D59: 1 | F59: =IF(E59="",0,E59*D59/5) | H59: =IF(G59="",0,G59*D59/5) | J59: =IF(I59="",0,I59*D59/5) | L59: =IF(K59="",0,K59*D59/5) | N59: =IF(M59="",0,M59*D59/5) | P59: =IF(E59="",0,D59) | Q59: =IF(G59="",0,D59) | R59: =IF(I59="",0,D59) | S59: =IF(K59="",0,D59) | T59: =IF(M59="",0,D59)
A60: 39 | B60: H5 | C60: Survie à une coupure du lien opérateur — politique en cache, signatures importables hors ligne, aucune dépendance cloud pour le plan de données | D60: 4 | F60: =IF(E60="",0,E60*D60/5) | H60: =IF(G60="",0,G60*D60/5) | J60: =IF(I60="",0,I60*D60/5) | L60: =IF(K60="",0,K60*D60/5) | N60: =IF(M60="",0,M60*D60/5) | P60: =IF(E60="",0,D60) | Q60: =IF(G60="",0,D60) | R60: =IF(I60="",0,D60) | S60: =IF(K60="",0,D60) | T60: =IF(M60="",0,D60)
A61: Sous-total H (max 10 pts) | D61: #ST-H | F61: =SUM(F56,F57,F58,F59,F60) | H61: =SUM(H56,H57,H58,H59,H60) | J61: =SUM(J56,J57,J58,J59,J60) | L61: =SUM(L56,L57,L58,L59,L60) | N61: =SUM(N56,N57,N58,N59,N60)
A62: Z — Hors périmètre — informatif, non pondéré | D62: info
A63: 40 | B63: C2 | C63: Journalisation complète — syslog CEF, audit immuable, rétention configurable | D63: 0 | F63: =IF(E63="",0,E63*D63/5) | H63: =IF(G63="",0,G63*D63/5) | J63: =IF(I63="",0,I63*D63/5) | L63: =IF(K63="",0,K63*D63/5) | N63: =IF(M63="",0,M63*D63/5) | P63: =IF(E63="",0,D63) | Q63: =IF(G63="",0,D63) | R63: =IF(I63="",0,D63) | S63: =IF(K63="",0,D63) | T63: =IF(M63="",0,D63)
A64: 41 | B64: C3 | C64: Intégration SIEM — Microsoft Sentinel, API, CEF natif | D64: 0 | F64: =IF(E64="",0,E64*D64/5) | H64: =IF(G64="",0,G64*D64/5) | J64: =IF(I64="",0,I64*D64/5) | L64: =IF(K64="",0,K64*D64/5) | N64: =IF(M64="",0,M64*D64/5) | P64: =IF(E64="",0,D64) | Q64: =IF(G64="",0,D64) | R64: =IF(I64="",0,D64) | S64: =IF(K64="",0,D64) | T64: =IF(M64="",0,D64)
A65: 42 | B65: A5 | C65: SD-WAN & intégration IPVPN / MPLS / ExpressRoute Azure | D65: 0 | F65: =IF(E65="",0,E65*D65/5) | H65: =IF(G65="",0,G65*D65/5) | J65: =IF(I65="",0,I65*D65/5) | L65: =IF(K65="",0,K65*D65/5) | N65: =IF(M65="",0,M65*D65/5) | P65: =IF(E65="",0,D65) | Q65: =IF(G65="",0,D65) | R65: =IF(I65="",0,D65) | S65: =IF(K65="",0,D65) | T65: =IF(M65="",0,D65)
A66: 43 | B66: Z1 | C66: SASE / SSE — ZTNA, CASB, SWG cloud-native (PoP EU) — ex-A3 | D66: 0 | F66: =IF(E66="",0,E66*D66/5) | H66: =IF(G66="",0,G66*D66/5) | J66: =IF(I66="",0,I66*D66/5) | L66: =IF(K66="",0,K66*D66/5) | N66: =IF(M66="",0,M66*D66/5) | P66: =IF(E66="",0,D66) | Q66: =IF(G66="",0,D66) | R66: =IF(I66="",0,D66) | S66: =IF(K66="",0,D66) | T66: =IF(M66="",0,D66)
A67: 44 | B67: Z2 | C67: Performances SASE cloud-delivered — PoP EU, latence utilisateurs mobiles — ex-D5 | D67: 0 | F67: =IF(E67="",0,E67*D67/5) | H67: =IF(G67="",0,G67*D67/5) | J67: =IF(I67="",0,I67*D67/5) | L67: =IF(K67="",0,K67*D67/5) | N67: =IF(M67="",0,M67*D67/5) | P67: =IF(E67="",0,D67) | Q67: =IF(G67="",0,D67) | R67: =IF(I67="",0,D67) | S67: =IF(K67="",0,D67) | T67: =IF(M67="",0,D67)
A68: Sous-total Z (non compté) | D68: #ST-Z | F68: =SUM(F63,F64,F65,F66,F67) | H68: =SUM(H63,H64,H65,H66,H67) | J68: =SUM(J63,J64,J65,J66,J67) | L68: =SUM(L63,L64,L65,L66,L67) | N68: =SUM(N63,N64,N65,N66,N67)
A69: TOTAL GÉNÉRAL (/ 100 pts) | D69: #TOT | F69: =SUM(F7,F8,F9,F10,F11,F14,F15,F16,F17,F18,F19,F20,F23,F24,F25,F28,F29,F30,F31,F34,F35,F36,F37,F38,F39,F42,F43,F44,F45,F46,F47,F51,F52,F53,F56,F57,F58,F59,F60) | H69: =SUM(H7,H8,H9,H10,H11,H14,H15,H16,H17,H18,H19,H20,H23,H24,H25,H28,H29,H30,H31,H34,H35,H36,H37,H38,H39,H42,H43,H44,H45,H46,H47,H51,H52,H53,H56,H57,H58,H59,H60) | J69: =SUM(J7,J8,J9,J10,J11,J14,J15,J16,J17,J18,J19,J20,J23,J24,J25,J28,J29,J30,J31,J34,J35,J36,J37,J38,J39,J42,J43,J44,J45,J46,J47,J51,J52,J53,J56,J57,J58,J59,J60) | L69: =SUM(L7,L8,L9,L10,L11,L14,L15,L16,L17,L18,L19,L20,L23,L24,L25,L28,L29,L30,L31,L34,L35,L36,L37,L38,L39,L42,L43,L44,L45,L46,L47,L51,L52,L53,L56,L57,L58,L59,L60) | N69: =SUM(N7,N8,N9,N10,N11,N14,N15,N16,N17,N18,N19,N20,N23,N24,N25,N28,N29,N30,N31,N34,N35,N36,N37,N38,N39,N42,N43,N44,N45,N46,N47,N51,N52,N53,N56,N57,N58,N59,N60)
A70: Base réellement instruite (pts de poids notés, NR exclus) | D70: #BASE | F70: =SUM(P7,P8,P9,P10,P11,P14,P15,P16,P17,P18,P19,P20,P23,P24,P25,P28,P29,P30,P31,P34,P35,P36,P37,P38,P39,P42,P43,P44,P45,P46,P47,P51,P52,P53,P56,P57,P58,P59,P60) | H70: =SUM(Q7,Q8,Q9,Q10,Q11,Q14,Q15,Q16,Q17,Q18,Q19,Q20,Q23,Q24,Q25,Q28,Q29,Q30,Q31,Q34,Q35,Q36,Q37,Q38,Q39,Q42,Q43,Q44,Q45,Q46,Q47,Q51,Q52,Q53,Q56,Q57,Q58,Q59,Q60) | J70: =SUM(R7,R8,R9,R10,R11,R14,R15,R16,R17,R18,R19,R20,R23,R24,R25,R28,R29,R30,R31,R34,R35,R36,R37,R38,R39,R42,R43,R44,R45,R46,R47,R51,R52,R53,R56,R57,R58,R59,R60) | L70: =SUM(S7,S8,S9,S10,S11,S14,S15,S16,S17,S18,S19,S20,S23,S24,S25,S28,S29,S30,S31,S34,S35,S36,S37,S38,S39,S42,S43,S44,S45,S46,S47,S51,S52,S53,S56,S57,S58,S59,S60) | N70: =SUM(T7,T8,T9,T10,T11,T14,T15,T16,T17,T18,T19,T20,T23,T24,T25,T28,T29,T30,T31,T34,T35,T36,T37,T38,T39,T42,T43,T44,T45,T46,T47,T51,T52,T53,T56,T57,T58,T59,T60)
A71: TOTAL RENORMALISÉ (/ 100 sur la base instruite) | D71: #NORM | F71: =IF(F70=0,"",100*F69/F70) | H71: =IF(H70=0,"",100*H69/H70) | J71: =IF(J70=0,"",100*J69/J70) | L71: =IF(L70=0,"",100*L69/L70) | N71: =IF(N70=0,"",100*N69/N70)
A73: Légende notes : CELLULE VIDE = NR, critère non instruit — ni au numérateur ni au dénominateur · 0 = instruit, absent ou nul · 1 = Insuffisant · 2 = Partiel · 3 = Satisfaisant · 4 = Bon · 5 = Excellent. · Ne jamais saisir 0 pour « pas de réponse » : le 0 est une note, le vide est une absence — les deux ne pèsent pas pareil. · G1 (TCO) n'est pas noté : saisir les montants dans la ligne jaune, la note vaut 5 × montant le plus bas / montant de l'offre (montant inconnu = laisser VIDE, jamais 0). · Catégorie Z = hors périmètre, affichée mais exclue du total. · Les identifiants ne sont PAS séquentiels (A1 A2 A7 A4 A5 A6 ; A3 est devenu Z1, D5 est devenu Z2) : apparier par la colonne ID, jamais par le numéro de ligne. La colonne # ne sert qu'au repérage visuel. · Les lignes de structure portent une clé en colonne ID ou Poids — #TCO (saisie des montants), #ST-A à #ST-Z (sous-totaux), #TOT, #BASE, #NORM (les trois totaux). Elles se décalent quand un critère change de catégorie : les repérer par cette clé, ou par les plages nommées TOTAL_<vendeur>, BASE_<vendeur>, NORM_<vendeur>, TCO_<vendeur>, ST_<cat>_<vendeur>.

Sheet Résumé
A1: STIB — AO Sécurité réseau · Résumé & Classement
A2: =Évaluation!B3
A4: Scores par catégorie
A5: Catégorie | B5: Max pts | C5: Cisco | D5: / max | E5: Palo Alto | F5: / max | G5: Fortinet | H5: / max | I5: Check Point | J5: / max | K5: Juniper | L5: / max
A6: A — Fonctionnalités techniques | B6: 20 | C6: =Évaluation!F12 | D6: =(Évaluation!F12)/(20)*100 | E6: =Évaluation!H12 | F6: =(Évaluation!H12)/(20)*100 | G6: =Évaluation!J12 | H6: =(Évaluation!J12)/(20)*100 | I6: =Évaluation!L12 | J6: =(Évaluation!L12)/(20)*100 | K6: =Évaluation!N12 | L6: =(Évaluation!N12)/(20)*100
A7: B — Sécurité & threat prevention | B7: 12 | C7: =Évaluation!F21 | D7: =(Évaluation!F21)/(12)*100 | E7: =Évaluation!H21 | F7: =(Évaluation!H21)/(12)*100 | G7: =Évaluation!J21 | H7: =(Évaluation!J21)/(12)*100 | I7: =Évaluation!L21 | J7: =(Évaluation!L21)/(12)*100 | K7: =Évaluation!N21 | L7: =(Évaluation!N21)/(12)*100
A8: C — Conformité & gouvernance | B8: 4 | C8: =Évaluation!F26 | D8: =(Évaluation!F26)/(4)*100 | E8: =Évaluation!H26 | F8: =(Évaluation!H26)/(4)*100 | G8: =Évaluation!J26 | H8: =(Évaluation!J26)/(4)*100 | I8: =Évaluation!L26 | J8: =(Évaluation!L26)/(4)*100 | K8: =Évaluation!N26 | L8: =(Évaluation!N26)/(4)*100
A9: D — Performance & scalabilité | B9: 10 | C9: =Évaluation!F32 | D9: =(Évaluation!F32)/(10)*100 | E9: =Évaluation!H32 | F9: =(Évaluation!H32)/(10)*100 | G9: =Évaluation!J32 | H9: =(Évaluation!J32)/(10)*100 | I9: =Évaluation!L32 | J9: =(Évaluation!L32)/(10)*100 | K9: =Évaluation!N32 | L9: =(Évaluation!N32)/(10)*100
A10: E — Gestion, exploitation & intégration | B10: 12 | C10: =Évaluation!F40 | D10: =(Évaluation!F40)/(12)*100 | E10: =Évaluation!H40 | F10: =(Évaluation!H40)/(12)*100 | G10: =Évaluation!J40 | H10: =(Évaluation!J40)/(12)*100 | I10: =Évaluation!L40 | J10: =(Évaluation!L40)/(12)*100 | K10: =Évaluation!N40 | L10: =(Évaluation!N40)/(12)*100
A11: F — Support, SLA & continuité | B11: 12 | C11: =Évaluation!F48 | D11: =(Évaluation!F48)/(12)*100 | E11: =Évaluation!H48 | F11: =(Évaluation!H48)/(12)*100 | G11: =Évaluation!J48 | H11: =(Évaluation!J48)/(12)*100 | I11: =Évaluation!L48 | J11: =(Évaluation!L48)/(12)*100 | K11: =Évaluation!N48 | L11: =(Évaluation!N48)/(12)*100
A12: G — Financier & TCO | B12: 20 | C12: =Évaluation!F54 | D12: =(Évaluation!F54)/(20)*100 | E12: =Évaluation!H54 | F12: =(Évaluation!H54)/(20)*100 | G12: =Évaluation!J54 | H12: =(Évaluation!J54)/(20)*100 | I12: =Évaluation!L54 | J12: =(Évaluation!L54)/(20)*100 | K12: =Évaluation!N54 | L12: =(Évaluation!N54)/(20)*100
A13: H — Résilience & continuité d'exploitation | B13: 10 | C13: =Évaluation!F61 | D13: =(Évaluation!F61)/(10)*100 | E13: =Évaluation!H61 | F13: =(Évaluation!H61)/(10)*100 | G13: =Évaluation!J61 | H13: =(Évaluation!J61)/(10)*100 | I13: =Évaluation!L61 | J13: =(Évaluation!L61)/(10)*100 | K13: =Évaluation!N61 | L13: =(Évaluation!N61)/(10)*100
A14: Z — Hors périmètre — informatif, non pondéré | B14: 0 | C14: =Évaluation!F68 | D14: — | E14: =Évaluation!H68 | F14: — | G14: =Évaluation!J68 | H14: — | I14: =Évaluation!L68 | J14: — | K14: =Évaluation!N68 | L14: —
A16: TOTAL GÉNÉRAL (/ 100 pts) | C16: =Évaluation!F69 | E16: =Évaluation!H69 | G16: =Évaluation!J69 | I16: =Évaluation!L69 | K16: =Évaluation!N69
A17: Base instruite (pts notés) | C17: =Évaluation!F70 | E17: =Évaluation!H70 | G17: =Évaluation!J70 | I17: =Évaluation!L70 | K17: =Évaluation!N70
A18: TOTAL RENORMALISÉ (/ 100) | C18: =Évaluation!F71 | E18: =Évaluation!H71 | G18: =Évaluation!J71 | I18: =Évaluation!L71 | K18: =Évaluation!N71
A20: Classement automatique (calculé)
A21: Rang | B21: Vendeur | C21: Score total | D21: % du max
A22: 1 | B22: =INDEX({"Cisco","Palo Alto","Fortinet","Check Point","Juniper"},MATCH(LARGE({Évaluation!F69,Évaluation!H69,Évaluation!J69,Évaluation!L69,Évaluation!N69},1),{Évaluation!F69,Évaluation!H69,Évaluation!J69,Évaluation!L69,Évaluation!N69},0)) | C22: =LARGE({Évaluation!F69,Évaluation!H69,Évaluation!J69,Évaluation!L69,Évaluation!N69},1) | D22: =C22/100*100
A23: 2 | B23: =INDEX({"Cisco","Palo Alto","Fortinet","Check Point","Juniper"},MATCH(LARGE({Évaluation!F69,Évaluation!H69,Évaluation!J69,Évaluation!L69,Évaluation!N69},2),{Évaluation!F69,Évaluation!H69,Évaluation!J69,Évaluation!L69,Évaluation!N69},0)) | C23: =LARGE({Évaluation!F69,Évaluation!H69,Évaluation!J69,Évaluation!L69,Évaluation!N69},2) | D23: =C23/100*100
A24: 3 | B24: =INDEX({"Cisco","Palo Alto","Fortinet","Check Point","Juniper"},MATCH(LARGE({Évaluation!F69,Évaluation!H69,Évaluation!J69,Évaluation!L69,Évaluation!N69},3),{Évaluation!F69,Évaluation!H69,Évaluation!J69,Évaluation!L69,Évaluation!N69},0)) | C24: =LARGE({Évaluation!F69,Évaluation!H69,Évaluation!J69,Évaluation!L69,Évaluation!N69},3) | D24: =C24/100*100
A25: 4 | B25: =INDEX({"Cisco","Palo Alto","Fortinet","Check Point","Juniper"},MATCH(LARGE({Évaluation!F69,Évaluation!H69,Évaluation!J69,Évaluation!L69,Évaluation!N69},4),{Évaluation!F69,Évaluation!H69,Évaluation!J69,Évaluation!L69,Évaluation!N69},0)) | C25: =LARGE({Évaluation!F69,Évaluation!H69,Évaluation!J69,Évaluation!L69,Évaluation!N69},4) | D25: =C25/100*100
A26: 5 | B26: =INDEX({"Cisco","Palo Alto","Fortinet","Check Point","Juniper"},MATCH(LARGE({Évaluation!F69,Évaluation!H69,Évaluation!J69,Évaluation!L69,Évaluation!N69},5),{Évaluation!F69,Évaluation!H69,Évaluation!J69,Évaluation!L69,Évaluation!N69},0)) | C26: =LARGE({Évaluation!F69,Évaluation!H69,Évaluation!J69,Évaluation!L69,Évaluation!N69},5) | D26: =C26/100*100
